 Dungeon Crawl Stone Soup version 0.29.1-2-gbd0b4ee654 (webtiles) character file.

Game seed: 10166767659083313929

1630 DemonSlayer the Firebug (level 8, 0/54 HPs)
             Began as a Demonspawn Fire Elementalist on Nov 13, 2022.
             Slain by a killer bee (3 damage)
             ... on level 7 of the Dungeon.
             The game lasted 00:15:46 (8255 turns).

DemonSlayer the Firebug (DsFE)                      Turns: 8255, Time: 00:15:47

Health: 0/54       AC:  6    Str: 10    XL:     8   Next: 65%
Magic:  8/27       EV: 12    Int: 16    God:
Gold:   352        SH:  3    Dex: 15    Spells: 9/20 levels left

rFire   + + .      SeeInvis .   r - +3 whip (venom)
rCold   . . .      Faith    .   t - +0 buckler
rNeg    . . .      Spirit   .   B - +2 leather armour {rF+}
rPois   .          Reflect  .   (helmet restricted)
rElec   .          Harm     .   F - +0 cloak
rCorr   .          Rampage  .   (no gloves)
Will    .....                   (no boots)
Stlth   ++........              (no amulet)
HPRegen 0.18/turn               h - ring of magical power
MPRegen 0.20/turn               x - ring of protection from fire

@: lethally poisoned (0 -> -23), about to teleport
A: antennae 1, ignite blood 1, powered by pain 1
a: no special abilities


You were on level 7 of the Dungeon.
You visited 2 branches of the dungeon, and saw 8 of its levels.

You collected 352 gold pieces.

Inventory:

Hand Weapons
 r - a +3 whip of venom (weapon)
Missiles
 z - 8 poisoned darts
 H - 2 boomerangs of dispersal
Armour
 t - a +0 buckler (worn)
 u - a +0 kite shield
 B - a +2 leather armour of fire resistance (worn)
 F - a +0 cloak (worn)
Jewellery
 h - a ring of magical power (left hand)
 w - the ring "Sacimiug" {rCorr Int+2}
   (You found it on level 7 of the Dungeon)

   [ring of resist corrosion]

   Int:       It affects your intelligence (+2).
   rCorr:     It protects you from acid and corrosion.
 x - a ring of protection from fire (right hand)
Wands
 v - a wand of charming (9)
 y - a wand of roots (3)
Scrolls
 c - 2 scrolls of immolation {unknown}
 d - 3 scrolls of teleportation
 e - a scroll of butterflies {unknown}
 f - a scroll of acquirement {unknown}
 i - a scroll of amnesia {unknown}
 m - 2 scrolls of enchant armour
 o - 2 scrolls of vulnerability {unknown}
 p - 2 scrolls of fear {unknown}
 q - 2 scrolls of poison {unknown}
 G - a scroll of summoning
Potions
 b - 2 potions of magic
 g - a potion of resistance {unknown}
 j - 2 potions of flight
 k - a potion of mutation
 l - a potion of heal wounds
 n - a potion of attraction
 s - a potion of brilliance {unknown}
 A - 3 potions of curing
 C - 2 potions of haste
 D - 2 potions of might


   Skills:
 + Level 1.1 Fighting
 + Level 0.6 Short Blades
 + Level 0.3 Maces & Flails
 + Level 2.4 Armour
 + Level 3.0 Dodging
 + Level 2.4 Stealth
 + Level 0.1 Shields
 + Level 6.6 Spellcasting
 + Level 1.4 Conjurations
 + Level 6.7 Fire Magic


You had 9 spell levels left.
You knew the following spells:

 Your Spells              Type           Power      Damage    Failure   Level
a - Foxfire               Conj/Fire      72%        2x1d7     4%          1
b - Scorch                Fire           54%        2d8       2%          2
c - Conjure Flame         Conj/Fire      18%        6-21      13%         3
d - Summon Guardian Gole  Hex/Summ       5%         N/A       58%         3
e - Ensorcelled Hibernat  Hex/Ice        10%        N/A       36%         2

Your spell library contained the following spells:

 Spells                   Type           Power      Damage    Failure   Level
 Inner Flame              Hex/Fire       16%        N/A       19%         3
 Summon Small Mammal      Summ           20%        N/A       24%         1
 Passwall                 Tmut/Erth      4%         N/A       36%         2
 Flame Wave               Conj/Fire      18%        2d7       41%         4
 Call Canine Familiar     Summ           5%         N/A       58%         3
 Spider Form              Tmut/Pois      5%         N/A       58%         3
 Swiftness                Air            5%         N/A       58%         3
 Anguish                  Hex/Necr       2%         N/A       94%         4
 Olgreb's Toxic Radiance  Pois           5%         N/A       94%         4
 Ozocubu's Refrigeration  Ice            2%         4d8       100%        7
 Ignition                 Fire           13%        3d6       100%        8


Dungeon Overview and Level Annotations

Branches:
Dungeon (7/15)             Temple (1/1) D:5

Altars:
Fedhas
Gozag
Hepliaklqana
Makhleb
Okawaru
Qazlal
Ru
Trog
Uskayaw
Vehumet
Wu Jian
Yredelemnul


Innate Abilities, Weirdness & Mutations

You have a pair of small antennae on your head.
Your demonic aura sometimes causes spilled blood to erupt in flames.
You sometimes gain a little power by taking damage.


Message History

Flames lash the water moccasin.
The water moccasin is burned terribly!
The water moccasin is almost dead.
You feel very sick.
The killer bee stings you but does no damage.
A killer bee comes into view.
The water moccasin closely misses you. The killer bee barely misses you.
Unknown command.
Flames lash the killer bee.
The killer bee is heavily wounded.
The killer bee's fire resistance burns away.
You feel very sick.
The killer bee stings you but does no damage.
The water moccasin bites you. The killer bee stings you!
The killer bee barely misses you. The water moccasin bites you!
* * * LOW HITPOINT WARNING * * *
You are more poisoned.
The water moccasin poisons you!
You are too injured to fight recklessly!
Unknown command.
You are too injured to fight recklessly!
Unknown command.
You are too injured to fight recklessly!
You feel much better.
You feel very sick. The killer bee stings you.
The killer bee stings you but does no damage.
The water moccasin bites you.
* * * LOW HITPOINT WARNING * * *
The killer bee misses you.
As you read the scroll of teleportation, it crumbles to dust.
You feel strangely unstable.
* * * LOW HITPOINT WARNING * * *
You feel very sick. The killer bee stings you.
* * * LOW HITPOINT WARNING * * *
You are more poisoned.
The killer bee poisons you!
The killer bee stings you but does no damage.
The killer bee stings you.
You die...

............###.##.........#
............###.###.#.##..##
............##..###.......#
.................##.###...#
........>..### #....###...#
.#.......##.####....#.†.###
........#......#
#...#.....## #.@y...####
#Syy....## #.y......#
...........# ....##......#
.... #......# .... #<..>..#
...#....#..... .####......


You could see a water moccasin (combustible) and 4 killer bees.

Vanquished Creatures
  Menkaure (D:6)
  A black bear (D:5)
  2 ogres
  2 phantoms
  2 necrophages
  A gnoll sergeant (D:5)
  2 scorpions (D:6)
  4 wights (D:6)
  7 hounds
  2 jellies
  4 iguanas
  Ijyb (D:4)
  7 gnolls
  3 adders
  A white imp (D:5)
  An ufetubus (D:5)
  A worm (D:3)
  A dart slug (D:1)
  15 orcs
  4 ball pythons
  2 bats
  8 endoplasms
  5 giant cockroaches
  9 goblins
  6 hobgoblins
  3 jackals (D:1)
  A quokka (D:1)
  A frilled lizard (D:1)
  10 kobolds
  6 rats
113 creatures vanquished.

Vanquished Creatures (others)
  67 foxfires
67 creatures vanquished.

Grand Total: 180 creatures vanquished

Notes
Turn   | Place    | Note
-------+----------+-------------------------------------------
     0 | D:1      | DemonSlayer the Demonspawn Fire Elementalist began the
                  | quest for the Orb.
     0 | D:1      | Reached XP level 1. HP: 13/13 MP: 3/3
   922 | D:1      | Gained mutation: Your demonic aura sometimes causes spilled
                  | blood to erupt in flames. [demonic ancestry]
   922 | D:1      | Reached XP level 2. HP: 19/19 MP: 5/5
   925 | D:1      | Learned a level 2 spell: Scorch
  1529 | D:1      | Gained mutation: You sometimes gain a little power by
                  | taking damage. [demonic ancestry]
  1529 | D:1      | Reached XP level 3. HP: 24/24 MP: 6/6
  1898 | D:1      | Learned a level 3 spell: Conjure Flame
  2525 | D:2      | You fall into a shaft and drop 2 floors!
  2554 | D:4      | Noticed a phantom
  2562 | D:4      | Killed a phantom
  2563 | D:4      | Reached XP level 4. HP: 24/30 MP: 4/8
  2567 | D:4      | Learned a level 3 spell: Summon Guardian Golem
  2794 | D:3      | Gained mutation: You have a pair of small antennae on your
                  | head. [demonic ancestry]
  2794 | D:3      | Reached XP level 5. HP: 33/35 MP: 9/9
  3805 | D:3      | Learned a level 2 spell: Ensorcelled Hibernation
  3862 | D:4      | Noticed Ijyb
  3873 | D:4      | Killed Ijyb
  4328 | D:4      | Reached XP level 6. HP: 41/41 MP: 12/12
  5383 | D:5      | Entered Level 5 of the Dungeon
  5390 | D:5      | Found a staircase to the Ecumenical Temple.
  5403 | Temple   | Entered the Ecumenical Temple
  5721 | D:5      | Reached skill level 1 in Armour
  6236 | D:5      | Reached XP level 7. HP: 42/47 MP: 10/13
  6355 | D:5      | Reached skill level 5 in Fire Magic
  6717 | D:5      | Found a radiant altar of Vehumet.
  6821 | D:6      | Reached skill level 1 in Fighting
  6963 | D:6      | Reached skill level 5 in Spellcasting
  7174 | D:6      | Found a hazy altar of Hepliaklqana.
  7414 | D:6      | Reached XP level 8. HP: 37/54 MP: 11/16
  7564 | D:6      | Noticed Menkaure
  7568 | D:6      | Killed Menkaure
  8103 | D:7      | Identified the ring "Sacimiug" {rCorr Int+2}
  8255 | D:7      | Slain by a killer bee

Illustrated notes

Levels and vault maps discovered:
D:1:      erik_arrival_blinker_ship, layout_loops_ring, minmay_misc_feat_iff,
          hangedman_decor_push, minmay_misc_feat_rugged
D:2:      layout_basic
D:3:      layout_rooms
D:4:      layout_layer_cave, uniq_ijyb
D:5:      layout_loops_ring, mainiacjoe_overflow_alcove_2,
          minmay_temple_entry_mini_moons, minivault_25
D:6:      layout_basic, mainiacjoe_overflow_paths, uniq_menkaure
D:7:      layout_cave_pools, serial_column_ruins, column_ruins_square_large,
          column_ruins_open_tiny, column_ruins_columns_corner,
          column_ruins_corridor_corner, column_ruins_open_small,
          column_ruins_grid_1, column_ruins_open_small, column_ruins_grid_1
Temple:   compressed_dpeg_triangle_lava_temple

Skill      XL: |  1  2  3  4  5  6  7  8 |
---------------+-------------------------+-----
Fire Magic     | 3 4 5 6 |  6.7
Dodging        | 2 3 |  3.0
Stealth        | 2 |  2.4
Spellcasting   | 3 4 5 6 |  6.6
Armour         | 1 2 |  2.4
Fighting       | 1 |  1.1
Short Blades   | |  0.6
Maces & Flails | |  0.3
Shields        | |  0.1
Conjurations   | |  1.4

Action                   |  1- 3 |  4- 6 |  7- 9 || total
-------------------------+-------+-------+-------++-------
Melee: Dagger            |    27 |    17 |       ||    44
       Punch             |     1 |       |       ||     1
       Whip              |       |    27 |     8 ||    35
Throw: Dart              |       |     5 |       ||     5
 Cast: Foxfire           |    39 |       |     4 ||    43
       Scorch            |    31 |    74 |    62 ||   167
  Use: Scroll            |       |     6 |     8 ||    14
       Potion            |       |     1 |     1 ||     2
 Stab: Sleeping          |     2 |       |       ||     2
       Distracted        |     1 |       |       ||     1
Armor: Robe              |    21 |     8 |       ||    29
       Leather armour    |       |    13 |    11 ||    24
Dodge: Dodged            |    27 |    51 |    20 ||    98
Block: Buckler           |       |     9 |     4 ||    13
